XFBL
SEATTLE MARINERS @ NEW YORK YANKEES
07/21/1982
 
TOP OF THE 1ST
Seattle Mariners batting - Pitching for New York Yankees : RHP Steve Shields
Pitching: RHP Steve Shields
Batting: SHB Miguel Dilone 0-0: Foul Ball, location: 2F
0-1: SINGLE (Line Drive, 34, EV 103.8 MPH)
Batting: LHB Jose Perales 0-0: Called Strike
0-1: Ball
1-1: Ball
2-1: Foul Ball, location: 2F
2-2: Foul Ball, location: 2F
2-2: Foul Ball, location: 2F
2-2: Ball
3-2: Ground out 5-3 (Groundball, 5S, EV 88.1 MPH)
Miguel Dilone to second
Batting: RHB Robin Yount 0-0: Ball
1-0: Fly out, F8 (Flyball, 8LXD, EV 106.9 MPH)
Runner from 2nd tags up, SAFE at 3rd, no throw by CF
Batting: LHB Don Mattingly 0-0: Called Strike
0-1: SINGLE (Line Drive, 9S, EV 108.1 MPH)
Miguel Dilone scores
Batting: LHB Chris Wynn 0-0: Ball
1-0: Ground out 4-3 (Groundball, 4, EV 104.4 MPH)
Top of the 1st over - 1 run, 2 hits, 0 errors, 1 left on base; Seattle 1 - New York 0
BOTTOM OF THE 1ST
New York Yankees batting - Pitching for Seattle Mariners : LHP Tommy John
Pitching: LHP Tommy John
Batting: LHB Wade Boggs 0-0: Ground out 4-3 (Groundball, 4D, EV 83.8 MPH)
Batting: SHB Willie Wilson 0-0: Foul Ball, location: 2F
0-1: TRIPLE (Line Drive, 78XD, EV 105.0 MPH)
Batting: LHB Kent Hrbek 0-0: Ball
1-0: Ball
2-0: Ball
3-0: Base on Balls
Batting: LHB George Kaage 0-0: Ball
1-0: Ball
2-0: Called Strike
2-1: Foul Ball, location: 2F
2-2: Foul Ball, location: 2F
2-2: Fly out, F9 (Flyball, 9LM, EV 86.3 MPH)
Runner from 3rd tags up, SCORES, throw by RF
Batting: RHB Pedro Guerrero 0-0: Ball
1-0: Swinging Strike
1-1: Ball
2-1: Ball
3-1: SINGLE (Flyball, 8RS, EV 94.4 MPH)
Kent Hrbek to second
Runner from 2nd tries for 3rd, SAFE, no throw by CF
Batting: LHB Mario Cabrera Pickoff Throw to First - Out! 1-3
Bottom of the 1st over - 1 run, 2 hits, 0 errors, 1 left on base; Seattle 1 - New York 1
TOP OF THE 2ND
Seattle Mariners batting - Pitching for New York Yankees : RHP Steve Shields
Batting: LHB Mike Stenhouse 0-0: Called Strike
0-1: Called Strike
0-2: Strikes out looking
Batting: RHB Ken Reitz 0-0: Ball
1-0: Swinging Strike
1-1: Foul Ball, location: 2F
1-2: Strikes out swinging
Batting: RHB Tony Conigliaro 0-0: Ball
1-0: Ball
2-0: SINGLE (Groundball, 56D, EV 102.5 MPH)
Batting: RHB Kurt Cunningham 0-0: Ball
1-0: Ball
2-0: Ball
3-0: Called Strike
3-1: Base on Balls
Tony Conigliaro to second
Batting: SHB Miguel Dilone 0-0: Ball
1-0: Ball
2-0: Ball
3-0: Base on Balls
Tony Conigliaro to third
Kurt Cunningham to second
Batting: LHB Jose Perales 0-0: Foul Ball, location: 2F
0-1: Swinging Strike
0-2: Strikes out looking
Top of the 2nd over - 0 runs, 1 hit, 0 errors, 3 left on base; Seattle 1 - New York 1
BOTTOM OF THE 2ND
New York Yankees batting - Pitching for Seattle Mariners : LHP Tommy John
Batting: LHB Mario Cabrera 0-0: Ball
1-0: Fly out, F8 (Flyball, 8LXD, EV 105.0 MPH)
Batting: RHB Rod Allen 0-0: Called Strike
0-1: SINGLE (Line Drive, 4MD, EV 97.5 MPH)
Batting: LHB Ron Hassey 0-0: Swinging Strike
0-1: Ball
1-1: Ball
2-1: Called Strike
2-2: Strikes out swinging
Batting: RHB Emanuel Cortez 0-0: Ball
1-0: Called Strike
1-1: Ball
2-1: Called Strike
Rod Allen steals 2nd base
2-2: Foul Ball, location: 2F
2-2: SINGLE (Line Drive, 8LS, EV 94.4 MPH)
Rod Allen to third
Runner from 3rd tries for Home, throw by CF and OUT! 8-2
Bottom of the 2nd over - 0 runs, 2 hits, 0 errors, 1 left on base; Seattle 1 - New York 1
TOP OF THE 3RD
Seattle Mariners batting - Pitching for New York Yankees : RHP Steve Shields
Batting: RHB Robin Yount 0-0: Ball
1-0: Foul Ball, location: 2F
1-1: Foul Ball, location: 2F
1-2: Ball
2-2: Foul Ball, location: 2F
2-2: Ball
3-2: Base on Balls
Batting: LHB Don Mattingly 0-0: Ball
Robin Yount is caught stealing 2nd base 2-6
1-0: Called Strike
1-1: Ball
2-1: DOUBLE (Line Drive, 78M, EV 95.6 MPH)
Batting: LHB Chris Wynn 0-0: Called Strike
0-1: Ball
1-1: Ball
2-1: Foul Ball, location: 2F
2-2: Strikes out swinging
Batting: LHB Mike Stenhouse 0-0: Called Strike
0-1: Ball
1-1: Ball
Wild Pitch!
Don Mattingly to third
2-1: Ball
3-1: Called Strike
3-2: Base on Balls
Batting: RHB Ken Reitz 0-0: Ball
1-0: Called Strike
1-1: SINGLE (Line Drive, 89M, EV 105.0 MPH)
Don Mattingly scores
Mike Stenhouse to second
Runner from 2nd tries for 3rd, SAFE, throw by CF made to third
Batting: RHB Tony Conigliaro 0-0: Ball
1-0: Ball
2-0: Called Strike
2-1: Called Strike
2-2: Foul Ball, location: 2F
2-2: Ground out 4-3 (Groundball, 4, EV 86.9 MPH)
Top of the 3rd over - 1 run, 2 hits, 0 errors, 2 left on base; Seattle 2 - New York 1
BOTTOM OF THE 3RD
New York Yankees batting - Pitching for Seattle Mariners : LHP Tommy John
Batting: LHB Wade Boggs 0-0: Called Strike
0-1: Ball
1-1: Ball
2-1: Ball
3-1: Foul Ball, location: 2F
3-2: Foul Ball, location: 2F
3-2: Foul Ball, location: 2F
3-2: Foul Ball, location: 2F
3-2: Fly out, F8 (Flyball, 8LM, EV 90.6 MPH)
Batting: SHB Willie Wilson 0-0: Fly out, F7 (Flyball, 78S, EV 88.8 MPH)
Batting: LHB Kent Hrbek 0-0: Called Strike
0-1: Called Strike
0-2: Ball
1-2: SINGLE (Groundball, P, EV 89.4 MPH) (infield hit)
Batting: LHB George Kaage 0-0: Foul Ball, location: 2F
0-1: Ball
1-1: Ball
2-1: Ball
3-1: Fly out, F8 (Flyball, 8LD, EV 96.9 MPH)
Bottom of the 3rd over - 0 runs, 1 hit, 0 errors, 1 left on base; Seattle 2 - New York 1
TOP OF THE 4TH
Seattle Mariners batting - Pitching for New York Yankees : RHP Steve Shields
Batting: RHB Kurt Cunningham 0-0: Ball
1-0: Ball
2-0: SINGLE (Line Drive, 8LS, EV 89.4 MPH)
Batting: SHB Miguel Dilone 0-0: Called Strike
0-1: SINGLE (Groundball, 4S, EV 70.6 MPH) (infield hit)
Kurt Cunningham to second
Batting: LHB Jose Perales 0-0: Foul Ball, location: 2F
0-1: Foul Ball, location: 2F
0-2: Fly out, F6 (Popup, 6, EV 71.3 MPH)
Batting: RHB Robin Yount 0-0: Fly out, F9 (Line Drive, 9, EV 103.1 MPH)
Runner from 2nd tags up, SAFE at 3rd with throw by RF
Batting: LHB Don Mattingly 0-0: Fly out, F8 (Flyball, 8LD, EV 83.8 MPH)
Top of the 4th over - 0 runs, 2 hits, 0 errors, 2 left on base; Seattle 2 - New York 1
BOTTOM OF THE 4TH
New York Yankees batting - Pitching for Seattle Mariners : LHP Tommy John
Batting: RHB Pedro Guerrero 0-0: Ball
1-0: Called Strike
1-1: SINGLE (Groundball, 56D, EV 96.9 MPH)
Batting: LHB Mario Cabrera 0-0: Ball
1-0: Ball
2-0: Ball
3-0: Called Strike
3-1: Fielders Choice at 2nd, 3-6 (Groundball, 3, EV 85.6 MPH)
Batting: RHB Rod Allen 0-0: Ball
1-0: Ball
2-0: DOUBLE (Groundball, 5L, EV 101.9 MPH)
Mario Cabrera to third
Runner from 3rd tries for Home, SAFE, throw by LF to home
Batting: LHB Ron Hassey 0-0: Called Strike
0-1: Fly out, F7 (Flyball, 78M, EV 97.5 MPH)
Batting: RHB Emanuel Cortez 0-0: Ground out 4-3 (Groundball, 4M, EV 84.4 MPH)
Bottom of the 4th over - 1 run, 2 hits, 0 errors, 1 left on base; Seattle 2 - New York 2
TOP OF THE 5TH
Seattle Mariners batting - Pitching for New York Yankees : RHP Steve Shields
Batting: LHB Chris Wynn 0-0: Called Strike
0-1: Ball
1-1: Ball
2-1: Called Strike
2-2: Fly out, F9 (Flyball, 9D, EV 95.0 MPH)
Batting: LHB Mike Stenhouse 0-0: Called Strike
0-1: Swinging Strike
0-2: Ball
1-2: Ball
2-2: Fly out, F8 (Flyball, 8LXD, EV 88.1 MPH)
Batting: RHB Ken Reitz 0-0: Called Strike
0-1: Ball
1-1: Called Strike
1-2: Strikes out looking
Top of the 5th over - 0 runs, 0 hits, 0 errors, 0 left on base; Seattle 2 - New York 2
BOTTOM OF THE 5TH
New York Yankees batting - Pitching for Seattle Mariners : LHP Tommy John
Batting: LHB Wade Boggs 0-0: Foul Ball, location: 2F
0-1: Ball
1-1: Ball
2-1: Ground out 1-3 (Groundball, 13, EV 60.6 MPH)
Batting: SHB Willie Wilson 0-0: Called Strike
0-1: Called Strike
0-2: Hit by Pitch
Batting: LHB Kent Hrbek 0-0: Ball
1-0: Swinging Strike
1-1: Ball
2-1: Fly out, F4 (Flyball, 4D, EV 76.9 MPH)
Batting: LHB George Kaage 0-0: Called Strike
0-1: Called Strike
0-2: Ball
1-2: Fly out, F8 (Flyball, 8RS, EV 91.3 MPH)
Bottom of the 5th over - 0 runs, 0 hits, 0 errors, 1 left on base; Seattle 2 - New York 2
TOP OF THE 6TH
Seattle Mariners batting - Pitching for New York Yankees : RHP Steve Shields
Batting: RHB Tony Conigliaro 0-0: Ball
1-0: Ground out 5-3 (Groundball, 5S, EV 88.8 MPH)
Batting: RHB Kurt Cunningham 0-0: Ball
1-0: Ground out 4-3 (Groundball, 4, EV 105.0 MPH)
Batting: SHB Miguel Dilone 0-0: Ball
1-0: Swinging Strike
1-1: Ball
2-1: Foul Ball, location: 2F
2-2: Strikes out looking
Top of the 6th over - 0 runs, 0 hits, 0 errors, 0 left on base; Seattle 2 - New York 2
BOTTOM OF THE 6TH
New York Yankees batting - Pitching for Seattle Mariners : LHP Tommy John
Batting: RHB Pedro Guerrero 0-0: Ground out 6-3 (Groundball, 6, EV 102.5 MPH)
Batting: LHB Mario Cabrera 0-0: Ball
1-0: Swinging Strike
1-1: Ground out U3 (Groundball, 34S, EV 89.4 MPH)
Batting: RHB Rod Allen 0-0: Swinging Strike
0-1: Ball
1-1: SINGLE (Groundball, 56D, EV 102.5 MPH)
Batting: LHB Ron Hassey 0-0: Foul Ball, location: 2F
0-1: Ball
1-1: Fly out, F7 (Line Drive, 7D, EV 103.8 MPH)
Bottom of the 6th over - 0 runs, 1 hit, 0 errors, 1 left on base; Seattle 2 - New York 2
TOP OF THE 7TH
Seattle Mariners batting - Pitching for New York Yankees : RHP Steve Shields
Batting: LHB Jose Perales 0-0: Swinging Strike
0-1: Foul Ball, location: 2F
0-2: Foul Ball, location: 2F
0-2: Ball
1-2: Ball
2-2: Foul Ball, location: 2F
2-2: Ball
3-2: Foul Ball, location: 2F
3-2: Foul Ball, location: 2F
3-2: SINGLE (Groundball, 6D, EV 107.5 MPH)
Batting: RHB Robin Yount 0-0: Ball
1-0: Ball
2-0: Ground out 6-3 (Groundball, 6M, EV 105.0 MPH)
Jose Perales to second
Batting: LHB Don Mattingly 0-0: Intentional Walk
Batting: LHB Chris Wynn 0-0: Ball
1-0: Foul Ball, location: 2F
1-1: Ball
2-1: Called Strike
2-2: Strikes out swinging
Pitching: LHP Jose Paz
Batting: LHB Mike Stenhouse 0-0: Swinging Strike
0-1: Swinging Strike
0-2: Foul Ball, location: 2F
0-2: Strikes out swinging
Top of the 7th over - 0 runs, 1 hit, 0 errors, 2 left on base; Seattle 2 - New York 2
BOTTOM OF THE 7TH
New York Yankees batting - Pitching for Seattle Mariners : LHP Tommy John
Batting: RHB Emanuel Cortez 0-0: Foul Ball, location: 2F
0-1: Ground out 6-3 (Groundball, 6, EV 84.4 MPH)
Batting: LHB Wade Boggs 0-0: Ball
1-0: Foul Ball, location: 2F
1-1: Called Strike
1-2: Ball
2-2: Fly out, F7 (Flyball, 78S, EV 84.4 MPH)
Batting: SHB Willie Wilson 0-0: Ground out 5-3 (Groundball, 56, EV 100.0 MPH)
Bottom of the 7th over - 0 runs, 0 hits, 0 errors, 0 left on base; Seattle 2 - New York 2
TOP OF THE 8TH
Seattle Mariners batting - Pitching for New York Yankees : LHP Jose Paz
Batting: RHB Ken Reitz 0-0: Ball
1-0: Fly out, F9 (Flyball, 9S, EV 91.9 MPH)
Batting: RHB Tony Conigliaro 0-0: Fly out, F9 (Flyball, 89M, EV 72.5 MPH)
Batting: RHB Kurt Cunningham 0-0: Ball
1-0: Foul Ball, location: 2F
1-1: Ball
2-1: Ball
3-1: Foul Ball, location: 2F
3-2: Ground out 6-3 (Groundball, 4MS, EV 93.1 MPH)
Top of the 8th over - 0 runs, 0 hits, 0 errors, 0 left on base; Seattle 2 - New York 2
BOTTOM OF THE 8TH
New York Yankees batting - Pitching for Seattle Mariners : LHP Tommy John
Batting: LHB Kent Hrbek 0-0: Ball
1-0: Called Strike
1-1: Foul Ball, location: 2F
1-2: Ball
2-2: SINGLE (Flyball, 8RS, EV 92.5 MPH)
Pitching: RHP Nick Bowditch
Pinch Runner at 1st Tim Raines:
Batting: LHB George Kaage 0-0: Ball
Tim Raines is caught stealing 2nd base 2-6
1-0: Foul Ball, location: 2F
1-1: Ball
2-1: Ball
3-1: Foul Ball, location: 2F
3-2: Fly out, F9 (Flyball, 89M, EV 87.5 MPH)
Batting: RHB Pedro Guerrero 0-0: Called Strike
0-1: Ball
1-1: Ball
2-1: Foul Ball, location: 2F
2-2: Foul Ball, location: 2F
2-2: Foul Ball, location: 2F
2-2: SINGLE (Line Drive, 56D, EV 93.8 MPH)
Batting: LHB Mario Cabrera 0-0: Called Strike
0-1: Ball
1-1: SINGLE (Groundball, 34D, EV 102.5 MPH)
Pedro Guerrero to second
Runner from 2nd tries for 3rd, SAFE, throw by RF made to third
Batting: RHB Rod Allen 0-0: Ball
1-0: Called Strike
1-1: Ball
2-1: Called Strike
2-2: Strikes out swinging
Bottom of the 8th over - 0 runs, 3 hits, 0 errors, 2 left on base; Seattle 2 - New York 2
TOP OF THE 9TH
Seattle Mariners batting - Pitching for New York Yankees : LHP Jose Paz
Now at 1B: Vic Rodriguez
Batting: SHB Miguel Dilone 0-0: Ball
1-0: Swinging Strike
1-1: Ground out 6-3 (Groundball, 6, EV 87.5 MPH)
Batting: LHB Jose Perales 0-0: Foul Ball, location: 2F
0-1: Called Strike
0-2: Foul Ball, location: 2F
0-2: Foul Ball, location: 2F
0-2: Ball
1-2: Foul Ball, location: 2F
1-2: Ball
2-2: SINGLE (Groundball, 34D, EV 107.5 MPH)
Batting: RHB Robin Yount 0-0: Swinging Strike
0-1: Ball
1-1: Ball
2-1: Ball
3-1: Base on Balls
Jose Perales to second
Pitching: RHP Manny Sarmiento
Batting: LHB Don Mattingly 0-0: Ball
1-0: Fly out, F8 (Flyball, 8LM, EV 93.8 MPH)
Runner from 2nd tags up, SAFE at 3rd with throw by CF
Batting: LHB Chris Wynn 0-0: Called Strike
0-1: Foul Ball, location: 2F
0-2: Ball
1-2: Ball
2-2: Foul Ball, location: 2F
2-2: SINGLE (Groundball, 6D, EV 94.4 MPH)
Jose Perales scores
Robin Yount to second
Runner from 2nd tries for 3rd, SAFE, throw by CF made to third
Batting: LHB Mike Stenhouse 0-0: Called Strike
0-1: Ball
1-1: Called Strike
1-2: Ground out 4-3 (Groundball, 4, EV 100.6 MPH)
Top of the 9th over - 1 run, 2 hits, 0 errors, 2 left on base; Seattle 3 - New York 2
BOTTOM OF THE 9TH
New York Yankees batting - Pitching for Seattle Mariners : RHP Nick Bowditch
Now in CF: Ramon Estepa
Batting: LHB Ron Hassey 0-0: Called Strike
0-1: Ball
1-1: Swinging Strike
1-2: Ground out 6-3 (Groundball, 6, EV 103.8 MPH)
Batting: RHB Emanuel Cortez 0-0: Ball
1-0: Swinging Strike
1-1: Fly out, F4 (Flyball, 34D, EV 84.4 MPH)
Batting: LHB Wade Boggs 0-0: Ground out 6-3 (Groundball, 6, EV 90.0 MPH)
Bottom of the 9th over - 0 runs, 0 hits, 0 errors, 0 left on base; Seattle 3 - New York 2
Monday, August 17th, 2020 - OOTP Baseball 21.5 Build 76